 Dungeon Crawl Stone Soup version 0.29-a0-284-gf9362112df (webtiles) character file.

Game seed: 11614507964070169485

2007 Dabor the Skirmisher (level 9, -4/68 HPs)
             Began as a Demonspawn Gladiator on Mar 14, 2022.
             Was an Initiate of Ru.
             Slain by a killer bee (6 damage)
             ... on level 6 of the Dungeon.
             The game lasted 00:13:11 (6559 turns).

Dabor the Skirmisher (Demonspawn Gladiator)         Turns: 6559, Time: 00:13:11

Health: -4/68      AC:  7    Str: 19    XL:     9   Next: 2%
Magic:  9/9        EV: 14    Int: 10    God:    Ru [......]
Gold:   85         SH:  4    Dex: 18    Spells: 8/8 levels left

rFire   + . .      SeeInvis +   e - +12 dire flail of Laceration {vorpal, rElec rF+ Dex+4}
rCold   + . .      Faith    .   (shield currently unavailable)
rNeg    + . .      Spirit   .   w - +1 leather armour {rN+}
rPois   .          Reflect  .   (helmet restricted)
rElec   +          Harm     .   j - +0 cloak
rCorr   .          Rampage  .   (no gloves)
Will    .....                   b - +1 pair of boots
Stlth   +.........              r - amulet of the acrobat
HPRegen 0.21/turn               p - ring of protection from cold
MPRegen 0.11/turn               v - ring of see invisible

@: mighty, about to teleport
A: antennae 2, condensation shield, demonic magic 2
a: Renounce Religion


You were on level 6 of the Dungeon.
You worshipped Ru.
Ru was noncommittal.
You visited 2 branches of the dungeon, and saw 7 of its levels.

You collected 285 gold pieces.
You spent 200 gold pieces at shops.

Inventory:

Hand Weapons
 e - the +12 dire flail of Laceration (weapon) {vorpal, rElec rF+ Dex+4}
   (You acquired it on level 4 of the Dungeon)

   It inflicts extra damage upon your enemies.
   Dex:       It affects your dexterity (+4).
   rF:        It protects you from fire.
   rElec:     It insulates you from electricity.
Missiles
 d - 2 throwing nets
 g - 165 stones (quivered)
Armour
 b - a +1 pair of boots (worn)
 j - a +0 cloak (worn)
 w - a +1 leather armour of positive energy (worn)
Jewellery
 p - a ring of protection from cold (left hand)
 r - an amulet of the acrobat (around neck)
 v - a ring of see invisible (right hand)
Wands
 h - a wand of polymorph (5)
Scrolls
 f - 2 scrolls of enchant weapon
 s - a scroll of immolation
 t - a scroll of magic mapping
 x - 2 scrolls of teleportation
 C - a scroll of identify
Potions
 i - 2 potions of attraction {unknown}
 m - 2 potions of might
 n - a potion of lignification {unknown}
 q - 3 potions of cancellation
 z - a potion of berserk rage
 A - a potion of mutation
 B - a potion of haste {unknown}


   Skills:
 + Level 5.3 Fighting
 - Level 3.6 Long Blades
 * Level 5.2 Maces & Flails
 + Level 4.7 Throwing
 + Level 4.1 Armour
 + Level 5.2 Dodging


You had 8 spell levels left.
You didn't know any spells.
Your spell library contained the following spells:

 Spells                   Type           Power      Damage    Failure   Level
 Static Discharge         Conj/Air       0%         N/A       54%         2
 Conjure Flame            Conj/Fire      0%         6-21      78%         3
 Ignite Poison            Fire/Tmut/Pois 0%         N/A       78%         3
 Dispel Undead            Necr           0%         3d6       99%         4
 Sticky Flame             Conj/Fire      0%         2d3       99%         4
 Summon Forest            Summ/Tloc      0%         N/A       100%        5
 Summon Mana Viper        Hex/Summ       0%         N/A       100%        5
 Summon Cactus Giant      Summ           0%         N/A       100%        6


Dungeon Overview and Level Annotations

Branches:
Dungeon (6/15)             Temple (1/1) D:4

Altars:
Cheibriados
Elyvilon
Fedhas
Gozag
Hepliaklqana
Kikubaaqudgha
Nemelex Xobeh
Qazlal
Ru
Sif Muna
Trog
Vehumet
Xom
Yredelemnul
Zin

Shops:
D:4 !


Innate Abilities, Weirdness & Mutations

You have a pair of antennae on your head.
A meltable shield of frost defends you. (SH +4)
Spells you cast may paralyse nearby enemies.


Message History

Your magic grows more menacing.
Okay, then.
As you read the scroll labelled JAIRIS ITWO, it crumbles to dust.
You assume a fearsome visage.
The orc looks frightened!
The centaur looks frightened!
It was a scroll of fear.
The orc priest barely misses you.
You see here a killer bee corpse.
You impale the orc priest!!
You kill the orc priest!
You thump the orc warrior!
The orc warrior is heavily wounded.
The orc warrior hits you with a +0 trident!
* * * LOW HITPOINT WARNING * * *
You feel better.
The orc warrior attacks as you move away!
The orc warrior hits you with a +0 trident.
* * * LOW HITPOINT WARNING * * *
The orc warrior completely misses you.
You feel better. The killer bee misses you. x2
The orc warrior hits you from afar with a +0 trident!
* * * LOW HITPOINT WARNING * * *
You feel better.
The killer bee stings you but does no damage.
The killer bee barely misses you.
The orc warrior hits you from afar with a +0 trident!
* * * LOW HITPOINT WARNING * * *
As you read the scroll labelled SADIERCHOTWY, it crumbles to dust.
It is a scroll of amnesia.
You feel forgetful for a moment. The killer bee closely misses you.
The killer bee barely misses you. The orc warrior barely misses you.
As you read the scroll labelled AVOBREE UXZELL, it crumbles to dust.
You feel strangely unstable.
It was a scroll of teleportation.
The killer bee stings you.
* * * LOW HITPOINT WARNING * * *
The killer bee stings you but does no damage.
The orc warrior completely misses you.
As you read the scroll labelled MEOH ZIAH IGU, it crumbles to dust.
The scroll dissolves into smoke.
It was a scroll of fog.
The killer bee barely misses you. The killer bee stings you.
You die...

#....)..#
#.##†#
#..#.##.# ..
.##.....
#..#..#.##. .
####..
#..##.#.#.. .
#.# #.......#.#
.# #<#
##......#.##.#
#.#
####§###.#..##
..#
#§##..o...#.#
.###
#@##{.y.....##.
#y#{{.#.#.####
#oy###y.# #..#
.s# ##.# ...#
##. {#...# ##
...# ...#


You could see an orc warrior and 2 killer bees.

Vanquished Creatures
  Maggie (D:6)
  6 yaks (D:5)
  An ice beast (D:5)
  A sky beast (D:5)
  An ogre (D:5)
  A scorpion (D:3)
  2 killer bees (D:6)
  An orc priest (D:6)
  A jelly (D:5)
  2 hounds (D:5)
  Crazy Yiuf (D:3)
  3 iguanas
  3 orc wizards
  9 adders
  A white imp (D:6)
  An ufetubus (D:5)
  A dart slug (D:2)
  4 orcs
  5 endoplasms
  4 giant cockroaches
  8 goblins
  6 hobgoblins
  A jackal (D:3)
  5 kobolds
  2 quokkas
  6 ball pythons
  7 bats
  2 frilled lizards (D:1)
  4 rats (D:3)
90 creatures vanquished.

Notes
Turn   | Place    | Note
-------+----------+-------------------------------------------
     0 | D:1      | Dabor the Demonspawn Gladiator began the quest for the Orb.
     0 | D:1      | Reached XP level 1. HP: 16/16 MP: 1/1
   351 | D:1      | Gained mutation: You have a pair of small antennae on your
                  | head. [demonic ancestry]
   351 | D:1      | Reached XP level 2. HP: 22/22 MP: 2/2
  1035 | D:2      | Reached XP level 3. HP: 7/28 MP: 3/3
  1846 | D:3      | Gained mutation: A meltable shield of frost defends you.
                  | (SH +4) [demonic ancestry]
  1846 | D:3      | Reached XP level 4. HP: 32/34 MP: 4/4
  2139 | D:3      | Noticed a scorpion
  2145 | D:3      | Killed a scorpion
  2146 | D:3      | Reached skill level 1 in Armour
  2184 | D:3      | Found a runed translucent door.
  2185 | D:3      | Noticed Crazy Yiuf
  2244 | D:3      | Gained mutation: You have a pair of antennae on your head.
                  | [demonic ancestry]
  2244 | D:3      | Reached XP level 5. HP: 41/41 MP: 5/5
  2926 | D:3      | Found a shimmering altar of Xom.
  3460 | D:3      | Killed Crazy Yiuf
  3580 | D:4      | Found a shimmering blue altar of Sif Muna.
  3918 | D:4      | Identified a scroll of acquirement
  3919 | D:4      | Acquired the +12 dire flail of Laceration {vorpal, rElec
                  | rF+ Dex+4}
  4461 | D:4      | Reached XP level 6. HP: 22/47 MP: 6/6
  4701 | D:4      | Found a staircase to the Ecumenical Temple.
  4807 | D:4      | Found a sparkling altar of Nemelex Xobeh.
  4860 | Temple   | Entered the Ecumenical Temple
  5145 | Temple   | Became a worshipper of Ru the Awakened
  5258 | D:4      | Found Teonas's Distillery.
  5327 | D:4      | Bought a potion of mutation for 80 gold pieces
  5327 | D:4      | Bought a potion of might for 40 gold pieces
  5327 | D:4      | Bought a potion of degeneration for 10 gold pieces
  5327 | D:4      | Bought a potion of might for 40 gold pieces
  5327 | D:4      | Bought a potion of curing for 30 gold pieces
  5454 | D:5      | Entered Level 5 of the Dungeon
  5454 | D:5      | Noticed a yak
  5454 | D:5      | Noticed a yak
  5454 | D:5      | Noticed a yak
  5455 | D:5      | Noticed a yak
  5455 | D:5      | Noticed a yak
  5457 | D:5      | Noticed a yak
  5462 | D:5      | Killed a yak
  5463 | D:5      | Reached skill level 1 in Maces & Flails
  5466 | D:5      | Killed a yak
  5467 | D:5      | Gained mutation: Spells you cast may paralyse adjacent
                  | enemies. [demonic ancestry]
  5467 | D:5      | Reached XP level 7. HP: 37/53 MP: 7/7
  5470 | D:5      | Killed a yak
  5474 | D:5      | Killed a yak
  5476 | D:5      | Killed a yak
  5477 | D:5      | Reached XP level 8. HP: 27/61 MP: 8/8
  6107 | D:5      | Reached skill level 5 in Fighting
  6109 | D:5      | Reached skill level 5 in Dodging
  6450 | D:6      | Noticed Maggie
  6456 | D:6      | Killed Maggie
  6457 | D:6      | Reached skill level 5 in Maces & Flails
  6549 | D:6      | Gained mutation: Spells you cast may paralyse nearby
                  | enemies. [demonic ancestry]
  6549 | D:6      | Reached XP level 9. HP: 18/68 MP: 9/9
  6556 | D:6      | HP: 3/68 [orc warrior/+0 trident (13)]
  6559 | D:6      | Slain by a killer bee

Illustrated notes

Levels and vault maps discovered:
D:1:      dpeg_arrival_orchard, layout_loops_ring
D:2:      layout_basic, grunt_decor_arrowhead, minmay_misc_feat_alley,
          minmay_pentomino_q4
D:3:      minmay_recursive_quarters, layout_basic,
          nicolae_overflow_crystal_walls, minmay_diced_spiral,
          uniq_crazy_yiuf_cottage
D:4:      layout_cave_pools, nemelex_dance_club_becter, led_sif_book,
          minmay_temple_entry_wispy, serial_shops, nicolae_inconvenience_store
D:5:      layout_rooms
D:6:      layout_loops_cross, uniq_sigmund, uniq_maggie, uniq_grinder
Temple:   nicolae_temple_hex_pool

Skill      XL: |  1  2  3  4  5  6  7  8 |
---------------+-------------------------+-----
Throwing       | 2 3 4 |  4.7
Long Blades    | 3 |  3.6
Dodging        | 3 4 5 |  5.2
Armour         | 1 2 3 4 |  4.1
Fighting       | 3 4 5 |  5.3
Maces & Flails | 2 3 5 |  5.2

Action                   |  1- 3 |  4- 6 |  7- 9 || total
-------------------------+-------+-------+-------++-------
Melee: Long sword        |    95 |    77 |       ||   172
       Punch             |     2 |       |       ||     2
       Dire flail        |       |    13 |    62 ||    75
Throw: Boomerang         |     5 |    13 |       ||    18
       Stone             |       |    43 |       ||    43
       Javelin           |       |     1 |       ||     1
       Throwing net      |       |     1 |       ||     1
  Use: Scroll            |       |     6 |     4 ||    10
       Potion            |       |     1 |     5 ||     6
 Stab: Sleeping          |     1 |     1 |       ||     2
       Held in net/web   |       |     1 |       ||     1
Armor: Leather armour    |    22 |     3 |    14 ||    39
       Ring mail         |    24 |    21 |       ||    45
Dodge: Dodged            |    71 |    60 |    76 ||   207
Block: Other             |       |    22 |    12 ||    34

Table legend: (Time is in decaauts)
 A = Elapsed time spent in this place.
 B = Non-inter-level travel time spent in this place.
 C = Inter-level travel time spent in this place.
 D = Time resting spent in this place.
 E = Time spent auto-exploring this place.
 F = Levels seen in this place.
 G = Mean time per level.
                   A        B        C        D        E       F      G
               +--------+--------+--------+--------+--------+-----+--------+
         Total |   6621 |   6158 |    463 |   1052 |   3825 |   7 |  945.9 |
       Dungeon |   6325 |   5873 |    452 |   1052 |   3764 |   6 | 1054.2 |
        Temple |    295 |    285 |     10 |      0 |     61 |   1 |  295.0 |
               +--------+--------+--------+--------+--------+-----+--------+

Top non-repeatable levels by time:
     D:3: 2006 daAuts
     D:4: 1581 daAuts
     D:2: 1077 daAuts
     D:1: 810 daAuts
     D:5: 683 daAuts
  Temple: 295 daAuts
     D:6: 167 daAuts
